 Dungeon Crawl Stone Soup version 0.19.5 (webtiles) character file.

58 McKennaii the Firebug (level 3, 0/19 HPs)
             Began as a Deep Elf Fire Elementalist on May 19, 2017.
             Slain by a crimson imp (1 damage)
             ... summoned by Natasha
             ... on level 2 of the Dungeon.
             The game lasted 00:02:38 (1054 turns).

McKennaii the Firebug (Deep Elf Fire Elementalist)  Turns: 1054, Time: 00:02:39

Health: 0/19       AC:  4    Str:  5    XL:     3   Next: 76%
Magic:  1/10       EV: 19    Int: 20    God:
Gold:   84         SH:  0    Dex: 20    Spells: 3 memorised, 3 levels left

rFire  . . .     SeeInvis .     (no weapon)
rCold  . . .     Gourm    .     a - +0 robe
rNeg   . . .     Faith    .     (no shield)
rPois  .         Spirit   .     (no helmet)
rElec  .         Reflect  .     d - +1 cloak
rCorr  .         Harm     .     (no gloves)
MR     .....                    (no boots)
Stlth  ++++......               (no amulet)
                                (no ring)
                                (no ring)

@: agile, slowed, very slow
A: no striking features
a: no special abilities


You were on level 2 of the Dungeon.
You were not hungry.

You visited 1 branch of the dungeon, and saw 2 of its levels.

You collected 84 gold pieces.

Inventory:

Armour
 a - a +0 robe (worn)
 d - a +1 cloak (worn)
Scrolls
 e - a scroll of teleportation {unknown}
 f - 5 scrolls of identify {unknown}
 i - a scroll of noise {unknown}
 l - 2 scrolls of remove curse {unknown}
Potions
 j - a potion of lignification {unknown}
 m - a potion of mutation {unknown}
Books
 b - a book of Flames

   Spells                             Type                      Level
   a - Flame Tongue                   Conjuration/Fire             1
   b - Throw Flame                    Conjuration/Fire             2
   c - Conjure Flame                  Conjuration/Fire             3
   d - Inner Flame                    Hexes/Fire                   3
   e - Sticky Flame                   Conjuration/Fire             4
   f - Fireball                       Conjuration/Fire             5
Comestibles
 c - 4 bread rations
 g - a beef jerky
 k - a meat ration
 n - 3 chunks of flesh


   Skills:
 + Level 2.8 Dodging
 + Level 3.0 Stealth
 + Level 3.7 Spellcasting
 + Level 1.7 Conjurations
 + Level 4.1 Fire Magic


You had 3 spell levels left.
You knew the following spells:

 Your Spells              Type           Power        Failure   Level  Hunger
a - Flame Tongue          Conj/Fire      ###..        4%          1    None
b - Throw Flame           Conj/Fire      ###...       10%         2    ##.....
c - Conjure Flame         Conj/Fire      ###.....     14%         3    ###....


Dungeon Overview and Level Annotations

Branches:
Dungeon (2/15)

Altars:

Annotations:
D:2 Natasha


Message History

Casting: Flame Tongue
Confirm with . or Enter, or press ? or * to list all spells.
Aiming: Flame Tongue
Press: ? - help, Shift-Dir - straight line, f/p - Natasha
Aim: Natasha The flame tongue hits Natasha.
Natasha is moderately wounded.
Natasha stares at you and mumbles some strange words.
You feel yourself slow down. The crimson imp barely misses you.
The crimson imp blinks!
Natasha claws you.
* * * LOW HITPOINT WARNING * * *
Natasha barely misses you. The crimson imp closely misses you.
The crimson imp hits you.
* * * LOW HITPOINT WARNING * * *
Natasha mumbles some strange words.
Okay, then.
It was a potion of agility.
You feel agile all of a sudden. The shadow imp completely misses you.
The crimson imp hits you.
You die...

######### ##...#...## #
##.........## ..
#####.......<...# ...
#.....5......(..# ....
#>.÷...h5@).....#
.....###....#..5......##
####
...?........##...#...##
####..#
.....###....######.###
#....## .... #.#..# #.#
####.#### ... #.##.#
#.###....# ..
##.#......##...#.#### .
#†.#......####.#.######
#..##......####.#......#


You could see Natasha, 2 crimson imps and a shadow imp.

Vanquished Creatures
  Ijyb (D:2)
  An adder (D:2)
  A giant cockroach (D:2)
  A hobgoblin (D:1)
  8 kobolds
  2 bats
  3 frilled lizards
  3 goblins
  5 rats
25 creatures vanquished.

Notes
Turn   | Place    | Note
-------+----------+-------------------------------------------
     0 | D:1      | McKennaii the Deep Elf Fire Elementalist began the quest for the Orb.
     0 | D:1      | Reached XP level 1. HP: 10/10 MP: 6/6
   172 | D:1      | Reached XP level 2. HP: 12/15 MP: 4/8
   733 | D:2      | Noticed Ijyb
   780 | D:2      | Killed Ijyb
   780 | D:2      | Reached skill level 4 in Fire Magic
   780 | D:2      | Reached XP level 3. HP: 12/19 MP: 0/9
   784 | D:2      | Learned a level 2 spell: Throw Flame
   788 | D:2      | Learned a level 3 spell: Conjure Flame
  1033 | D:2      | Noticed Natasha
  1054 | D:2      | Slain by a crimson imp

Skill      XL: |  1  2 |
---------------+-------+-----
Stealth        | 3 |  3.0
Fire Magic     | 4 |  4.1
Dodging        | |  2.8
Spellcasting   | |  3.7
Conjurations   | |  1.7

Action                   || total
-------------------------++-------
Melee: Unarmed           ||     2
 Cast: Flame Tongue      ||    45
       Throw Flame       ||     6
  Use: Potion            ||     1
Armor: Robe              ||     7
Dodge: Dodged            ||    18
